 Dungeon Crawl Stone Soup version 0.30.0-5-g1a98f26d00 (webtiles) character file.

Game seed: 15535739904956935723

12720 KamiKatze the Thaumaturge (level 11, -1/57 HPs)
             Began as a Deep Elf Conjurer on May 10, 2023.
             Was an Elder of Vehumet.
             Slain by a polar bear (13 damage)
             ... on level 1 of the Lair of Beasts on May 11, 2023.
             The game lasted 00:43:42 (11237 turns).

KamiKatze the Thaumaturge (Deep Elf Conjurer)      Turns: 11237, Time: 00:43:42

Health: -1/57      AC: 10    Str:  4    XL:     11   Next: 66%
Magic:  29/29      EV: 13    Int: 28    God:    Vehumet [****..]
Gold:   696        SH:  5    Dex: 13    Spells: 23/34 levels left

rFire   . . .        a - +1 short sword (venom)
rCold   . . .        (no shield)
rNeg    . . .        J - +0 steam dragon scales
rPois   .            o - +1 helmet
rElec   .            (no cloak)
rCorr   .            k - +2 pair of gloves
SInv    .            (no boots)
Will    +....        O - amulet of reflection
Stlth   +++          (no ring)
HPRegen 0.29/turn    (no ring)
MPRegen 0.21/turn

%: reflection
@: no status effects
A: no striking features
a: Renounce Religion


You were on level 1 of the Lair of Beasts.
You worshipped Vehumet.
Vehumet was greatly pleased with you.
You visited 3 branches of the dungeon, and saw 13 of its levels.
You also visited: Ossuary.

You collected 710 gold pieces.
You spent 14 gold pieces at shops.

Inventory:

Hand Weapons
 a - a +1 short sword of venom (weapon)
Missiles
 t - 13 poisoned darts
 D - 2 throwing nets
 H - a curare-tipped dart
Armour
 k - a +2 pair of gloves (worn)
 o - a +1 helmet (worn)
 J - +0 steam dragon scales (worn)
Jewellery
 I - a ring of fire
 N - a ring of ice
 O - an amulet of reflection (around neck)
Wands
 i - a wand of polymorph (5)
 l - a wand of acid (2)
 r - a wand of roots (23)
 u - a wand of mindburst (15)
 y - a wand of flame (37)
 K - a wand of digging (3)
Scrolls
 c - 2 scrolls of vulnerability
 d - 6 scrolls of fog
 f - 2 scrolls of teleportation
 h - a scroll of noise
 q - 3 scrolls of poison
 w - 2 scrolls of brand weapon
 x - a scroll of fear
 z - 3 scrolls of enchant armour
 B - a scroll of amnesia
 E - a scroll of acquirement
 G - 2 scrolls of immolation
 L - a scroll of magic mapping {unknown}
 M - 2 scrolls of identify
 P - a scroll of blinking {unknown}
 S - a scroll of enchant weapon {unknown}
Potions
 b - 2 potions of magic
 e - 11 potions of curing
 g - a potion of invisibility
 j - 2 potions of berserk rage
 m - 3 potions of might
 n - 2 potions of heal wounds
 p - 5 potions of haste
 s - a potion of resistance
 v - a potion of cancellation
 A - 3 potions of brilliance
 C - 2 potions of lignification
 F - a potion of ambrosia
 Q - a potion of flight
 R - a potion of attraction


   Skills:
 + Level 2.2 Fighting
 - Level 2.0 Throwing
 + Level 4.8 Dodging
 + Level 5.0 Stealth
 * Level 12.3 Spellcasting
 * Level 11.1 Conjurations
 - Level 10.0 Hexes
 - Level 10.0 Translocations
 - Level 2.0 Evocations


You had 23 spell levels left.
You knew the following spells:

 Your Spells              Type           Power      Damage    Failure   Level
a - Magic Dart            Conj           100%       1d8       1%          1
b - Searing Ray           Conj           100%       2d8       1%          2
c - Fulminant Prism       Conj/Hex       33%        3d16      1%          4
d - Iskenderun's Mystic   Conj/Tloc      67%        2d14      1%          4

Your spell library contained the following spells:

 Spells                   Type           Power      Damage    Failure   Level
 Airstrike                Air            8%         2d(2-18)  9%          4
 Lesser Beckoning         Tloc           100%       N/A       1%          2
 Dazzling Flash           Conj/Hex       100%       N/A       1%          3
 Gell's Gravitas          Tloc           65%        N/A       1%          3
 Stone Arrow              Conj/Erth      96%        3d13      1%          3
 Teleport Other           Tloc           65%        N/A       1%          3
 Volatile Blastmotes      Fire/Tloc      90%        2d17      1%          3
 Starburst                Conj/Fire      24%        6d8       13%         6
 Animate Armour           Summ/Erth      34%        N/A       30%         4
 Lehudib's Crystal Spear  Conj/Erth      24%        10d7      99%         8


Dungeon Overview and Level Annotations

Branches:
Dungeon (11/15)            Temple (1/1) D:4            Lair (1/5) D:10
Ossuary (visited)
    Orc: D:9-12

Altars:
Ashenzari
Cheibriados
Dithmenos
Elyvilon
Fedhas
Gozag
Hepliaklqana
Kikubaaqudgha
Makhleb
Nemelex Xobeh
Okawaru
Qazlal
Ru
Sif Muna
Trog
Uskayaw
Vehumet
Wu Jian
Xom
Yredelemnul
Zin
The Shining One

Shops:
D:4 (!   D:6 (   D:8 !   D:9 (

Portals:
Trove: D:11 (give +3 shadow dragon scales)

Annotations:
D:2 1 runed translucent door, exclusion: door, Crazy Yiuf
D:4 2 transporters, choppaz's ghost, amateur OpTm


Message History

You erupt in a blast of force!
The mystic blast hits the cane toad.
The cane toad is almost dead.
The cane toad is knocked back by the mystic blast.
The mystic blast hits the bush!
The bush is lightly damaged.
You feel sick.
Casting: Iskenderun's Mystic Blast (safe; 1% risk of failure)
Confirm with . or Enter, or press ? or * to list all spells.
Aiming: Fulminant Prism (safe; 1% risk of failure)
Press: ? - help, Dir - move target You conjure a prism of explosive energy!
A fulminant prism comes into view.
You feel sick.
You are no longer poisoned.
Your fulminant prism crackles loudly.
The cane toad stings your fulminant prism!
Your fulminant prism explodes!
The blast of energy engulfs the cane toad!!
You kill the cane toad!
Vehumet accepts your kill.
You feel your power returning.
The blast of energy engulfs the bush!!
The bush is moderately damaged.
Your Stealth skill increases to level 5!
You start resting.
Magic restored.
You start resting.
HP restored.
There is a staircase to the Lair here.
You climb downwards.
Welcome back to the Lair of Beasts!
The black mamba bites you. The water moccasin barely misses you.
The black mamba bites you but does no damage.
The komodo dragon bites you! The bullfrog barely misses you.
The water moccasin barely misses you.
The black mamba bites you but does no damage.
The komodo dragon bites you!!
* * * LOW HITPOINT WARNING * * *
The bullfrog hits you.
* * * LOW HITPOINT WARNING * * *
The polar bear bites you!
You die...

#. .....# ...
#....# ##.S#....#
..#....# .
......## .. ~~
#.....###...
~รท..#...........
~#.....lFh......
~#.....h@S......
~#.......S......
~...#.....###...
##. #....## .. ..
#....# # #....#
....$. ##....#


You could see a polar bear, a komodo dragon, a black mamba, 2 water moccasins, a
black bear and a bullfrog.

Vanquished Creatures
  A manticore (D:11)
  A cyclops (D:11)
  A cane toad (D:10)
  An unseen horror (D:10)
  6 trolls
  A polar bear (Lair:1)
  Grinder (D:3)
  A shadow (D:11)
  6 wyverns (D:10)
  A basilisk (D:10)
  18 yaks
  Grum (D:11)
  3 steam dragons (D:9)
  3 vampire mosquitoes (D:11)
  4 water moccasins
  Duvessa (D:7)
  A black bear (D:7)
  3 orc warriors
  2 ogres (D:5)
  4 wolves (D:11)
  5 centaurs
  A phantom (D:4)
  4 bullfrogs
  2 kobold brigands
  A gnoll sergeant (D:9)
  A scorpion (D:6)
  3 water moccasin zombies (Ossuary)
  5 wights (D:6)
  Dowan (D:7)
  19 killer bees
  4 howler monkeys
  3 electric eels
  4 jellies
  2 hounds
  8 orc priests
  A sleepcap (D:6)
  4 iguanas
  12 orc wizards
  2 mummies (Ossuary)
  9 gnolls
  8 adders
  A white imp (D:8)
  An ufetubus (D:5)
  6 adder zombies (Ossuary)
  4 dart slugs
  2 worms (D:2)
  37 orcs
  8 bats
  7 endoplasms
  5 giant cockroaches
  5 gnoll zombies (Ossuary)
  7 goblins
  6 hobgoblins
  9 jackals
  17 kobolds
  5 quokkas
  7 ball pythons
  4 frilled lizards
  4 hobgoblin zombies (Ossuary)
  A kobold zombie (Ossuary)
  7 orc zombies (Ossuary)
  4 rats
  A fulminant prism (Lair:1)
307 creatures vanquished.

Vanquished Creatures (others)
  137 fulminant prisms
137 creatures vanquished.

Grand Total: 444 creatures vanquished

Notes
Turn   | Place    | Note
-------+----------+-------------------------------------------
     0 | D:1      | KamiKatze the Deep Elf Conjurer began the quest for the
                  | Orb.
     0 | D:1      | Reached XP level 1. HP: 10/10 MP: 6/6
   143 | D:1      | Reached XP level 2. HP: 15/15 MP: 4/8
   148 | D:1      | Learned a level 2 spell: Searing Ray
   210 | D:1      | Reached skill level 1 in Hexes
   395 | D:1      | Reached skill level 1 in Translocations
   435 | D:1      | Reached XP level 3. HP: 19/19 MP: 3/9
   920 | D:2      | Reached XP level 4. HP: 24/24 MP: 7/11
  1164 | D:2      | Found a runed translucent door.
  1165 | D:2      | Noticed Crazy Yiuf
  1419 | D:3      | Found a faded altar of an unknown god.
  1488 | D:3      | Noticed Grinder
  1493 | D:3      | Paralysed by Grinder for 5 turns
  1504 | D:3      | Killed Grinder
  1505 | D:3      | Reached skill level 1 in Throwing
  1505 | D:3      | Reached skill level 4 in Spellcasting
  1505 | D:3      | Reached skill level 5 in Conjurations
  1505 | D:3      | Reached skill level 1 in Evocations
  1505 | D:3      | Reached XP level 5. HP: 6/28 MP: 0/13
  1505 | D:3      | Reached XP level 6. HP: 6/32 MP: 0/14
  2012 | D:3      | Found an opulent altar of Gozag.
  2052 | D:3      | Found an iron altar of Okawaru.
  2210 | D:4      | Found Xuuromeh's Distillery.
  2222 | D:4      | Noticed choppaz's ghost (amateur OpTm)
  2223 | D:4      | Found a transporter.
  2238 | D:4      | Found a transporter.
  2240 | D:4      | Found Haefumos's Weapon Shop.
  2332 | D:4      | Learned a level 4 spell: Fulminant Prism
  2337 | D:4      | Learned a level 4 spell: Iskenderun's Mystic Blast
  2389 | D:4      | Bought a potion of degeneration for 14 gold pieces
  2780 | D:4      | Found a radiant altar of Vehumet.
  2857 | D:4      | Found a staircase to the Ecumenical Temple.
  2866 | Temple   | Entered the Ecumenical Temple
  2960 | D:5      | Entered Level 5 of the Dungeon
  3009 | D:5      | Reached skill level 5 in Spellcasting
  3025 | D:5      | Reached XP level 7. HP: 31/36 MP: 10/16
  3576 | D:5      | Reached skill level 5 in Hexes
  3596 | D:4      | Became a worshipper of Vehumet
  3727 | D:5      | Reached skill level 6 in Spellcasting
  3854 | D:5      | Reached XP level 8. HP: 41/41 MP: 12/19
  4270 | D:6      | Reached skill level 5 in Translocations
  4351 | D:6      | Found a sand-covered staircase.
  4357 | Ossuary  | Entered an ossuary
  4523 | Ossuary  | Reached * piety under Vehumet
  4523 | Ossuary  | Offered knowledge of Sandblast by Vehumet.
  4646 | Ossuary  | Reached skill level 7 in Spellcasting
  5070 | D:6      | Found Hycuff's Weapon Shop.
  5458 | D:7      | Reached ** piety under Vehumet
  5458 | D:7      | Offered knowledge of Shock by Vehumet.
  5463 | D:7      | Reached XP level 9. HP: 45/45 MP: 8/22
  5566 | D:7      | Reached skill level 8 in Spellcasting
  5602 | D:7      | Noticed Duvessa
  5606 | D:7      | Killed Duvessa
  5680 | D:7      | Noticed Dowan
  5683 | D:7      | Killed Dowan
  6416 | D:8      | Offered knowledge of Stone Arrow by Vehumet.
  6445 | D:8      | Reached skill level 9 in Spellcasting
  6479 | D:8      | Found a snail-covered altar of Cheibriados.
  6479 | D:8      | Found a glowing golden altar of the Shining One.
  6479 | D:8      | Found a bloodstained altar of Trog.
  6479 | D:8      | Found a blossoming altar of Fedhas.
  6544 | D:8      | Reached *** piety under Vehumet
  6669 | D:8      | Reached XP level 10. HP: 41/50 MP: 6/25
  6907 | D:8      | Found Beinny's Distillery.
  7452 | D:9      | Reached skill level 10 in Spellcasting
  7817 | D:9      | Identified a scroll of acquirement
  7972 | D:9      | Offered knowledge of Inner Flame by Vehumet.
  8044 | D:9      | Reached skill level 10 in Hexes
  8215 | D:9      | Found Rusem's Weapon Shoppe.
  8412 | D:9      | Found a sparkling altar of Nemelex Xobeh.
  8710 | D:10     | Entered Level 10 of the Dungeon
  8757 | D:10     | Reached skill level 10 in Conjurations
  8760 | D:10     | Reached skill level 11 in Spellcasting
  9025 | D:10     | Found a white marble altar of Elyvilon.
  9119 | D:10     | Reached **** piety under Vehumet
  9185 | D:10     | Reached XP level 11. HP: 55/55 MP: 20/28
  9333 | D:10     | Reached skill level 1 in Fighting
  9341 | D:10     | Offered knowledge of Airstrike by Vehumet.
  9730 | D:10     | Found a staircase to the Lair.
 10154 | D:11     | Found a stormy altar of Qazlal.
 10430 | D:11     | Noticed Grum
 10440 | D:11     | Killed Grum
 10625 | D:11     | Reached skill level 12 in Spellcasting
 10642 | D:11     | Reached skill level 10 in Translocations
 10817 | D:11     | Found a portal to a secret trove of treasure.
 10928 | Lair:1   | Entered Level 1 of the Lair of Beasts
 11071 | D:10     | Reached skill level 5 in Stealth
 11237 | Lair:1   | Slain by a polar bear

Illustrated notes

Levels and vault maps discovered:
D:1:      psy_arrival_dodecagon, layout_rooms
D:2:      layout_basic, uniq_crazy_yiuf_cottage
D:3:      layout_basic, mainiacjoe_overflow_two_lobes,
          dilly_ecumenical_altar_fadedgnrine, uniq_grinder
D:4:      layout_cave_pools, nicolae_overflow_hidden_temple,
          lemuel_temple_firewalk_b, gammafunk_ghost_arena, serial_shops,
          nicolae_shop_tiny_waterfront, nicolae_shop_tiny_glass
D:5:      layout_layer_cave
D:6:      layout_loops_ring, serial_shops, nicolae_shop_bloodbath_and_beyond,
          enter_ossuary_1
D:7:      layout_rooms, minmay_misc_feat_more_columns, uniq_duvessa
D:8:      minmay_skewed_foursquare, layout_rooms,
          chequers_temple_overflow_statue_of_worship, serial_shops, shop,
          kennysheep_decorative_pillar, grunt_decor_resistance
D:9:      layout_basic, nemelex_spade_bored_becter, serial_shops, shop
D:10:     layout_basic, amcnicky_altar_gilded, minmay_lair_entry_grove,
          serial_bayou_lake_a
D:11:     layout_cave_pools, enter_trove_0, serial_column_ruins,
          column_ruins_columns_corner, column_ruins_open_medium,
          column_ruins_open_tiny, column_ruins_grid_4,
          nicolae_qazlal_eye_of_the_storm, uniq_grum
Temple:   cyrus_circular_temple
Lair:1:   statuecave_lemuel, layout_gridlike

Skill      XL: |  1  2  3  4  5  6  7  8  9 10 11 |
---------------+----------------------------------+-----
Hexes          | 1 3 5 7 9 10 | 10.0
Translocations | 1 2 3 4 6 7 9 10 | 10.0
Stealth        | 3 5 |  5.0
Throwing       | 1 2 |  2.0
Dodging        | 3 4 |  4.8
Spellcasting   | 4 5 6 7 9 11 12 | 12.3
Conjurations   | 5 6 7 8 10 11 | 11.1
Evocations     | 1 2 |  2.0
Fighting       | 2 |  2.2

Action                     |  1- 3 |  4- 6 |  7- 9 | 10-12 || total
---------------------------+-------+-------+-------+-------++-------
  Melee: Short sword       |       |       |     1 |       ||     1
   Cast: Magic Dart        |    50 |    97 |    57 |     7 ||   211
         Searing Ray       |     5 |    13 |    28 |     6 ||    52
         Iskenderun's Myst |       |       |    14 |    31 ||    45
         Fulminant Prism   |       |       |    45 |    93 ||   138
    Use: Scroll            |       |       |    13 |    11 ||    24
 Armour: Robe              |     2 |     2 |    15 |       ||    19
         Steam dragon scal |       |       |       |    11 ||    11
  Dodge: Dodged            |     2 |    10 |    52 |    17 ||    81
  Block: Other             |       |       |       |     3 ||     3
